 Dungeon Crawl Stone Soup version 0.23.2-33-g5129a83184 (webtiles) character file.

Game seed: 707272547220951113

8659 funkygono the Destroyer (level 11, 0/61 HPs)
             Began as a Gargoyle Conjurer on June 25, 2019.
             Was an Elder of Vehumet.
             Slain by a two-headed ogre
             ... wielding a +0 giant spiked club
              (9 damage)
             ... on level 11 of the Dungeon on June 26, 2019.
             The game lasted 00:47:23 (12051 turns).

funkygono the Destroyer (Gargoyle Conjurer)        Turns: 12051, Time: 00:47:24

Health: 0/61       AC: 20    Str: 10    XL:     11   Next: 34%
Magic:  12/24      EV: 12    Int: 22    God:    Vehumet [****..]
Gold:   615        SH:  3    Dex: 10    Spells: 10/28 levels left

rFire    + + .     SeeInvis +   V - +10 quarterstaff "Xerchazip" {flame, rF++ rC++ SInv}
rCold    + + .     Gourm    .   (shield currently unavailable)
rNeg     + + .     Faith    .   z - +3 leather armour
rPois    ∞         Spirit   .   t - +0 helmet
rElec    +         Reflect  +   x - +0 cloak
rCorr    .         Harm     .   j - +0 pair of gloves
MR       .....                  U - +1 pair of boots {run}
Stlth    ++........             N - +3 amulet of reflection
HPRegen  0.20/turn              y - +3 ring of intelligence
MPRegen  0.19/turn              W - ring of positive energy

@: slowed, very slow
A: negative energy resistance 1, electricity resistance, weak 1, unbreathing,
petrification resistance, rot immunity, AC +8
a: Renounce Religion


You were on level 11 of the Dungeon.
You worshipped Vehumet.
Vehumet was greatly pleased with you.
You were not hungry.

You visited 2 branches of the dungeon, and saw 12 of its levels.

You collected 803 gold pieces.
You spent 188 gold pieces at shops.

Inventory:

Hand Weapons
 i - a +1 whip
 w - a +3 quarterstaff of chaos
 E - a +2 flail of crushing
 G - a +1 whip of freezing
 O - a +2 quarterstaff of distortion
 P - the +7 battleaxe of Imminent Death {freeze, +Blink rN++ Dex+3}
   (You found it on level 9 of the Dungeon)

   It has been specially enchanted to freeze those struck by it, causing extra
   injury to most foes and up to half again as much damage against particularly
   susceptible opponents.
   It can also slow down cold-blooded creatures.
   It affects your dexterity (+3).
   It greatly protects you from negative energy.
   It lets you blink.
 V - the +10 quarterstaff "Xerchazip" (weapon) {flame, rF++ rC++ SInv}
   (You found it on level 10 of the Dungeon)

   It has been specially enchanted to burn those struck by it, causing extra
   injury to most foes and up to half again as much damage against particularly
   susceptible opponents.
   It greatly protects you from fire.
   It greatly protects you from cold.
   It lets you see invisible.
Missiles
 e - 365 stones (quivered)
Armour
 a - a +1 robe
 j - a +0 pair of gloves (worn)
 p - a +0 buckler
 t - a +0 helmet (worn)
 x - a +0 cloak (worn)
 z - a +3 leather armour (worn)
 L - a +2 large shield
 U - a +1 pair of boots of running (worn)
Jewellery
 d - an uncursed ring of positive energy
 n - an uncursed ring of resist corrosion
 q - a +3 ring of slaying
 u - an uncursed ring of protection from cold
 v - an uncursed ring of see invisible
 y - a +3 ring of intelligence (left hand)
 D - an uncursed ring of protection from cold
 I - an uncursed ring of protection from magic
 N - a +3 amulet of reflection (around neck)
 R - an uncursed amulet of regeneration {unknown}
 W - a ring of positive energy (right hand)
Wands
 l - a wand of iceblast (14)
 m - a wand of disintegration (14)
 s - a wand of flame (67)
 J - a wand of random effects (5)
 X - a wand of digging (6)
Scrolls
 f - 3 scrolls of magic mapping
 g - 4 scrolls of remove curse
 o - 3 scrolls of amnesia
 A - 6 scrolls of fog
 F - 3 scrolls of teleportation
 T - a scroll of identify
Potions
 b - 3 potions of curing
 h - a potion of agility
 k - 4 potions of mutation
 r - a potion of cancellation
 B - a potion of berserk rage
 H - 2 potions of lignification
 K - a potion of magic
 M - a potion of invisibility
 Q - 2 potions of brilliance
 Y - a potion of heal wounds
Miscellaneous
 S - a phial of floods
Comestibles
 c - 28 rations
 C - 5 chunks of flesh


   Skills:
 + Level 4.2 Fighting
 + Level 0.8(4.7) Maces & Flails
 + Level 7.5(7.6) Staves
 + Level 4.6 Armour
 + Level 3.9 Dodging
 + Level 4.2 Stealth
 + Level 0.5 Shields
 + Level 9.0 Spellcasting
 + Level 9.0 Conjurations
 + Level 0.7 Hexes
 * Level 5.1 Fire Magic
 + Level 1.6 Poison Magic


You had 10 spell levels left.
You knew the following spells:

 Your Spells              Type           Power        Failure   Level  Hunger
a - Magic Dart            Conj           ####         1%          1    None
b - Searing Ray           Conj           ######       1%          2    None
c - Shock                 Conj/Air       ####         1%          1    None
d - Dazzling Spray        Conj/Hex       ####..       1%          3    None
e - Throw Flame           Conj/Fire      #####.       1%          2    None
f - Olgreb's Toxic Radia  Pois           ###.....     12%         4    ##.....
g - Fireball              Conj/Fire      #####.....   3%          5    #####..

Your spell library contained the following spells:

 Spells                   Type           Power        Failure   Level  Hunger
 Conjure Flame            Conj/Fire      #####...     1%          3    None
 Mephitic Cloud           Conj/Pois/Air  ####....     1%          3    None
 Iskenderun's Mystic Bla  Conj           ######..     1%          4    ##.....
 Fulminant Prism          Conj/Hex       ####......   3%          4    ##.....
 Force Lance              Conj/Tloc      ####....     4%          4    ##.....
 Animate Skeleton         Necr           N/A          9%          1    None
 Beastly Appendage        Tmut           #.....       9%          1    None
 Pain                     Necr           #...         9%          1    None
 Poisonous Vapours        Pois/Air       ##....       10%         2    None
 Sticks to Snakes         Tmut           #.......     13%         2    None
 Spider Form              Tmut/Pois      ##........   19%         3    None
 Regeneration             Chrm/Necr      #.........   26%         3    None
 Vampiric Draining        Necr           #.........   26%         3    None
 Animate Dead             Necr           N/A          65%         4    ##.....
 Ice Form                 Ice/Tmut       #.......     65%         4    ##.....
 Freezing Cloud           Conj/Ice/Air   ###.......   65%         6    ######.
 Blade Hands              Tmut           #.........   94%         5    #####..
 Ring of Flames           Chrm/Fire      ###.......   100%        7    #######


Dungeon Overview and Level Annotations

Branches:
Dungeon (11/15)            Temple (1/1) D:4            Lair (0/6) D:11
    Orc (0/2) D:9

Altars:
Ashenzari
Cheibriados
Dithmenos
Elyvilon
Fedhas
Gozag
Hepliaklqana
Kikubaaqudgha
Makhleb
Nemelex Xobeh
Okawaru
Qazlal
Ru
Sif Muna
Trog
Uskayaw
Vehumet
Wu Jian
Xom
Yredelemnul
Zin
The Shining One

Shops:
D:5 *   D:10 =}

Annotations:
D:6 2 transporters, cab's ghost, novice GrEE


Innate Abilities, Weirdness & Mutations

You are resistant to torment.
Your stone body is resilient. (AC +8)
You are immune to poison.
You resist negative energy. (rN+)
You are resistant to electric shocks. (rElec)
You can survive without breathing.
You are immune to petrification.
You are immune to rotting.
You are weak. (Str -2)


Message History

Casting: Olgreb's Toxic Radiance (safe; 12% risk of failure)
Confirm with . or Enter, or press ? or * to list all spells.
Aiming: Searing Ray (safe; 1% risk of failure)
Press: ? - help, Shift-Dir - straight line, f - two-headed ogre
Aim: a two-headed ogre, wielding a +0 giant spiked club and a +0 giant club (fast)
The searing ray misses the two-headed ogre.
The searing ray hits the yak.
The yak is moderately wounded. (Press . to maintain the ray.)
You kill the ogre!
Vehumet accepts your kill.
The two-headed ogre hits you with a +0 giant spiked club.
The two-headed ogre misses you.
The two-headed ogre hits you with a +0 giant spiked club!!
* * * LOW HITPOINT WARNING * * *
The two-headed ogre misses you.
You hear an angry hiss.
The two-headed ogre barely misses you.
The two-headed ogre hits you with a +0 giant club!
You die...

......#......................#...
#######.........###..........####
.................#..............
.................#.......÷......
.................#..............
.................#..............
.................#..............
.................#..............
...............@.#......########
...............O.#......#
................#......# .
..............Y#......# ...
##############OY....Y#....
.......ZYY.........
....P..O..........Y
...♣.OP..♣.........
...POO.............


You could see a two-headed ogre, 2 yaks, 2 ogres and a bullfrog skeleton.

Vanquished Creatures
  An ogre mage (D:11)
  Pikel (D:6)
  A troll (D:9)
  A hippogriff (D:8)
  A wyvern (D:10)
  5 yaks (D:11)
  A vampire (D:9)
  2 hungry ghosts
  Edmund (D:5)
  A soldier ant (D:10)
  2 water moccasins
  2 porcupines (D:11)
  An ice beast (D:6)
  4 orc warriors
  An eye of draining (D:11)
  A slave (D:6)
  A sky beast (D:10)
  2 phantoms
  5 ogres
  2 centaurs
  2 big kobolds
  A crocodile (D:11)
  5 bullfrogs
  3 gnoll sergeants (D:10)
  A scorpion (D:9)
  15 killer bees
  6 howler monkeys
  3 crimson imps
  A bullfrog zombie (D:7)
  Crazy Yiuf (D:3)
  A centaur zombie (D:6)
  2 jellies
  8 hounds
  A bullfrog skeleton (D:8)
  A centaur skeleton (D:7)
  3 gnoll shamans (D:10)
  5 orc priests
  3 iron imps (D:8)
  6 iguanas
  9 worker ants
  5 orc wizards
  A hound zombie (D:11)
  Robin (D:3)
  A worker ant zombie (D:7)
  A howler monkey skeleton (D:8)
  12 adders
  25 gnolls
  3 shadow imps
  An ooze (D:3)
  2 adder skeletons
  6 worms
  3 dart slugs
  5 leopard geckos
  31 orcs
  5 ball pythons
  5 giant cockroaches
  12 hobgoblins
  7 jackals
  10 kobolds
  3 quokkas
  9 bats
  5 frilled lizards
  15 goblins
  A quokka skeleton (D:7)
  5 rats
287 creatures vanquished.

Vanquished Creatures (others)
  A wraith (D:10)
  A wyvern skeleton (D:10)
  2 orc priests (D:9)
  An orc wizard (D:9)
  A worker ant (D:9)
  A gnoll (D:10)
  2 orcs (D:9)
  2 fungi (D:11)
  8 plants (D:11)
19 creatures vanquished.

Grand Total: 306 creatures vanquished

Notes
Turn   | Place    | Note
-------+----------+-------------------------------------------
     0 | D:1      | funkygono the Gargoyle Conjurer began the quest for the
                  | Orb.
     0 | D:1      | Reached XP level 1. HP: 10/10 MP: 3/3
   330 | D:1      | Reached XP level 2. HP: 15/15 MP: 0/5
   410 | D:1      | Learned a level 2 spell: Searing Ray
   666 | D:1      | Reached skill level 5 in Conjurations
   704 | D:1      | Reached XP level 3. HP: 16/19 MP: 0/6
  1575 | D:2      | Reached XP level 4. HP: 23/24 MP: 5/8
  1931 | D:2      | Found a basalt altar of Yredelemnul.
  2496 | D:3      | Reached XP level 5. HP: 28/28 MP: 5/9
  2525 | D:3      | Noticed Robin
  2548 | D:3      | Killed Robin
  3147 | D:3      | Found a runed translucent door.
  3148 | D:3      | Noticed Crazy Yiuf
  3155 | D:3      | Killed Crazy Yiuf
  3284 | D:4      | Reached XP level 6. HP: 32/32 MP: 0/12
  3295 | D:4      | Noticed a phantom
  3347 | D:4      | Killed a phantom
  3479 | D:4      | Reached skill level 1 in Staves
  3553 | D:4      | Found a staircase to the Ecumenical Temple.
  3558 | D:4      | Reached XP level 7. HP: 36/36 MP: 7/14
  3569 | D:4      | Reached skill level 5 in Spellcasting
  3607 | Temple   | Entered the Ecumenical Temple
  3767 | Temple   | Became a worshipper of Vehumet
  4409 | D:5      | Entered Level 5 of the Dungeon
  4940 | D:5      | Found Izunolao's Serpentskin Sales.
  4965 | D:5      | Noticed Edmund
  4979 | D:5      | Killed Edmund
  4979 | D:5      | Reached skill level 1 in Armour
  4979 | D:5      | Reached XP level 8. HP: 36/42 MP: 6/16
  5130 | D:5      | Reached skill level 1 in Fighting
  5405 | D:6      | Found a transporter.
  5414 | D:6      | Noticed cab's ghost (novice GrEE)
  5533 | D:6      | Found a transporter.
  5686 | D:6      | Reached * piety under Vehumet
  5686 | D:6      | Offered knowledge of Shock by Vehumet.
  5690 | D:6      | Learned a level 1 spell: Shock
  5892 | D:6      | Noticed Pikel
  5918 | D:6      | Killed Pikel
  5918 | D:6      | Reached XP level 9. HP: 48/48 MP: 6/19
  5981 | D:6      | Found a snail-covered altar of Cheibriados.
  6040 | D:6      | Learned a level 3 spell: Dazzling Spray
  6255 | D:7      | Reached skill level 5 in Staves
  6960 | D:7      | Upgraded the game from 0.23.2-30-g0e89c35649 to
                  | 0.23.2-33-g5129a83184
  7557 | D:7      | Offered knowledge of Throw Flame by Vehumet.
  7561 | D:7      | Learned a level 2 spell: Throw Flame
  7840 | D:8      | Found a bloodstained altar of Trog.
  7933 | D:8      | Reached ** piety under Vehumet
  8478 | D:8      | Found a sacrificial altar of Ru.
  8638 | D:8      | Found a burning altar of Makhleb.
  8647 | D:8      | Reached XP level 10. HP: 54/54 MP: 12/21
  8836 | D:9      | Reached skill level 1 in Fire Magic
  9106 | D:9      | Got a smoking battleaxe
  9318 | D:9      | Identified the +7 battleaxe of Imminent Death {freeze,
                  | +Blink rN++ Dex+3} (You found it on level 9 of the Dungeon)
  9378 | D:9      | Offered knowledge of Static Discharge by Vehumet.
  9563 | D:9      | Found a staircase to the Orcish Mines.
  9617 | D:9      | Reached *** piety under Vehumet
 10075 | D:10     | Entered Level 10 of the Dungeon
 10241 | D:10     | Found Witeluif's Jewellery Boutique.
 10301 | D:10     | Bought a +3 amulet of reflection for 188 gold pieces
 10505 | D:10     | Offered knowledge of Olgreb's Toxic Radiance by Vehumet.
 10511 | D:10     | Learned a level 4 spell: Olgreb's Toxic Radiance
 10707 | D:10     | Got a bloodstained quarterstaff
 10711 | D:10     | Identified the +10 quarterstaff "Xerchazip" {flame, rF++
                  | rC++ SInv} (You found it on level 10 of the Dungeon)
 10735 | D:10     | Gained mutation: You are weak. (Str -2) [mutagenic glow]
 10965 | D:10     | Found Jolyreun's Gadget Boutique.
 11081 | D:10     | Reached **** piety under Vehumet
 11099 | D:10     | Offered knowledge of Fireball by Vehumet.
 11112 | D:10     | Learned a level 5 spell: Fireball
 11319 | D:10     | Reached XP level 11. HP: 60/61 MP: 9/23
 11565 | D:10     | Identified a scroll of acquirement
 11577 | D:10     | Identified a +1 pair of boots of running (You acquired it
                  | on level 10 of the Dungeon)
 11729 | D:11     | Reached skill level 1 in Poison Magic
 12013 | D:11     | Found a staircase to the Lair.
 12013 | D:11     | Noticed an ogre mage
 12022 | D:11     | Noticed a two-headed ogre
 12026 | D:11     | Paralysed by an ogre mage for 6 turns
 12035 | D:11     | Paralysed by an ogre mage for 6 turns
 12048 | D:11     | Killed an ogre mage
 12048 | D:11     | Reached skill level 5 in Fire Magic
 12051 | D:11     | Slain by a two-headed ogre

Skill      XL: |  1  2  3  4  5  6  7  8  9 10 11 |
---------------+----------------------------------+-----
Conjurations   | 5 6 7 8 9 |  9.0
Spellcasting   | 3 4 5 7 8 9 |  9.0
Stealth        | 3 4 |  4.2
Dodging        | 2 3 |  3.9
Staves         | 1 2 4 6 7 |  7.5
Armour         | 1 2 4 |  4.6
Fighting       | 1 2 4 |  4.2
Fire Magic     | 4 5 |  5.1
Poison Magic   | 1 |  1.6
Maces & Flails | |  0.8
Shields        | |  0.5
Hexes          | |  0.7

Action                   |  1- 3 |  4- 6 |  7- 9 | 10-12 || total
-------------------------+-------+-------+-------+-------++-------
Melee: Unarmed           |     6 |       |       |       ||     6
       Whip              |     9 |    14 |       |       ||    23
       Quarterstaff      |       |    25 |   183 |   165 ||   373
 Cast: Magic Dart        |    66 |    97 |   132 |    41 ||   336
       Searing Ray       |     2 |     5 |    18 |     6 ||    31
       Shock             |       |       |     6 |     1 ||     7
       Throw Flame       |       |       |    11 |   165 ||   176
       Dazzling Spray    |       |       |     9 |     9 ||    18
       Olgreb's Toxic Ra |       |       |       |     9 ||     9
Evoke: Wand              |       |       |       |     1 ||     1
  Use: Scroll            |     3 |     9 |     6 |     9 ||    27
       Potion            |       |       |     1 |       ||     1
 Stab: Invisible         |       |       |     1 |     4 ||     5
  Eat: Chunk             |     3 |     6 |    15 |     9 ||    33
       Ration            |       |       |     1 |     1 ||     2
Armor: Robe              |    13 |    16 |       |       ||    29
       Leather armour    |       |       |   162 |   118 ||   280
Dodge: Dodged            |    37 |    25 |   178 |   159 ||   399
Block: Other             |       |       |       |    23 ||    23
       Reflection        |       |       |       |     2 ||     2
